 Dungeon Crawl Stone Soup version 0.28.0-53-g5a82cb258f (webtiles) character file.

Game seed: 13004145935004254551

1955 Descartes the Covert (level 8, -9/34 HPs)
             Began as a Felid Delver on Aug 5, 2022.
             Mangled by Grum
             ... wielding a +0 halberd
              (21 damage)
             ... on level 8 of the Dungeon.
             The game lasted 00:18:40 (10231 turns).

Descartes the Covert (Felid Delver)                Turns: 10231, Time: 00:18:40

Health: -9/34      AC:  6    Str: 12    XL:     8   Next: 99%
Magic:  9/9        EV: 24    Int: 12    God:
Gold:   672        SH:  0    Dex: 19    Spells: 4/7 levels left
                                        Lives:  0   Deaths: 2

rFire   . . .      SeeInvis +     - Unarmed
rCold   . . .      Faith    .   (shield unavailable)
rNeg    . . .      Spirit   .   (armour unavailable)
rPois   .          Reflect  .   (helmet unavailable)
rElec   .          Harm     .   (cloak unavailable)
rCorr   .          Rampage  .   (gloves unavailable)
Will    +....                   (boots unavailable)
Stlth   ++++++....              E - amulet of the acrobat
HPRegen 0.11/turn               l - +4 ring of protection
MPRegen 0.11/turn               (no ring)

@: invisible, quick
A: very small, claws 1, fangs 3, see invisible, speed 1, shaggy fur 2, stealthy
paws, no weapons or thrown items, no armour, multi-lived, thin skeletal
structure 1
a: no special abilities


You were on level 8 of the Dungeon.
You visited 1 branch of the dungeon, and saw 8 of its levels.
You also visited: Ossuary.

You collected 672 gold pieces.

Inventory:

Jewellery
 l - a +4 ring of protection (left paw)
 E - an amulet of the acrobat (around neck)
Wands
 e - a wand of digging (6)
 r - a wand of flame (32)
 t - a wand of mindburst (7)
 y - a wand of charming (8)
 A - a wand of iceblast (8)
 F - a wand of acid (15)
Scrolls
 a - 3 scrolls of fog
 c - 2 scrolls of fear
 g - 2 scrolls of teleportation {unknown}
 h - 3 scrolls of blinking
 k - 2 scrolls of enchant armour {unknown}
 m - a scroll of amnesia {unknown}
 n - a scroll of torment {unknown}
 p - 3 scrolls of holy word {unknown}
 q - a scroll of immolation {unknown}
 u - a scroll of summoning {unknown}
 v - a scroll of enchant weapon {unknown}
 x - 2 scrolls of magic mapping
 z - a scroll of vulnerability {unknown}
 B - a scroll of noise {unknown}
Potions
 b - a potion of mutation
 d - 4 potions of haste
 f - 3 potions of flight
 i - 2 potions of curing
 o - a potion of lignification {unknown}
 s - 2 potions of magic
 w - a potion of heal wounds {unknown}
 C - a potion of might
 D - a potion of ambrosia


   Skills:
 - Level 3.0 Fighting
 - Level 10.0 Dodging
 - Level 10.0 Stealth
 - Level 10.0 Unarmed Combat
 + Level 3.5 Translocations
 - Level 5.0 Evocations


You had 4 spell levels left.
You knew the following spells:

 Your Spells              Type           Power      Damage    Failure   Level
a - Teleport Other        Tloc           8%         N/A       24%         3

Your spell library contained the following spells:

 Spells                   Type           Power      Damage    Failure   Level
 Gell's Gravitas          Tloc           8%         N/A       24%         3
 Lesser Beckoning         Tloc           8%         N/A       24%         3
 Animate Skeleton         Necr           0%         N/A       32%         1
 Pain                     Necr           0%         1d4       32%         1
 Vampiric Draining        Necr           0%         2d6       69%         3
 Summon Ice Beast         Ice/Summ       0%         N/A       97%         4
 Summon Mana Viper        Hex/Summ       0%         N/A       100%        5
 Monstrous Menagerie      Summ           0%         N/A       100%        7


Dungeon Overview and Level Annotations

Branches:
Dungeon (8/15)             Temple (0/1) D:5         Ossuary (visited)
   Lair: D:8-11

Altars:
Cheibriados
Kikubaaqudgha
Nemelex Xobeh
Okawaru
Qazlal
Sif Muna
Yredelemnul

Shops:
D:4 (   D:7 *

Annotations:
D:6 3 runed translucent doors, aloneDruid's ghost, amateur DgAr
D:8 Grum


Innate Abilities, Weirdness & Mutations

You have sharp claws.
You have razor-sharp teeth.
You have supernaturally acute eyesight. (SInv)
You cover ground quickly. (Speed+)
You are covered in thick fur. (AC +2)
Your paws help you pounce on unaware monsters.
You are incapable of wielding weapons or throwing items.
You cannot wear armour.
You gain extra lives every three experience levels.
You have a somewhat thin skeletal structure. (Dex +2, Stealth+)


Message History

You scratch the wolf but do no damage.
The wolf is lightly wounded.
The wolf completely misses you.
You claw the wolf!
The wolf is severely wounded.
The wolf closely misses you. The wolf completely misses you.
You barely miss the wolf.
The wolf is severely wounded.
The wolf completely misses you.
You scratch the wolf but do no damage.
The wolf is severely wounded.
The wolf bites you.
You closely miss the wolf.
The wolf is severely wounded.
The wolf barely misses you. The wolf misses you.
You claw the wolf!
You kill the wolf!
The wolf bites you.
Your Translocations skill increases to level 3!
The wolf completely misses you.
You claw the wolf! You bite the wolf, but do no damage.
The wolf is almost dead.
The wolf misses you.
You scratch the wolf but do no damage.
The wolf is almost dead.
The wolf barely misses you.
You claw the wolf!
You kill the wolf!
You claw Grum!
Grum is moderately wounded.
You scratch Grum but do no damage.
Grum is moderately wounded.
You claw Grum! Your claw misses Grum.
Grum is heavily wounded.
Grum closely misses you.
You closely miss Grum. You bite Grum.
Grum is heavily wounded.
Grum hits you with a +0 halberd!!
Ouch! That really hurt!
You die...

.....##.......##
.....##.####....
.....##.####.###
...........#.#
##.#.##.##.#.#
#.#.##.##.#.#
#.###.#.##....#.#
#.#....g..........#
#..####@#.#########
#.........#
##..###.###
##.###.#
#..##'######
#.........#
#.........#
#.........#
#.........#


You could see Grum.

Vanquished Creatures
  An unseen horror (D:5)
  Sigmund (D:6)
  A wyvern (D:7)
  Duvessa (D:7)
  A water moccasin (D:5)
  An ice beast (D:5)
  An orc warrior (D:8)
  A black bear (D:7)
  A hornet zombie (D:7)
  4 wolves (D:8)
  2 ogres (D:5)
  5 centaurs
  A phantom (D:5)
  3 bullfrogs
  A water moccasin zombie (D:7)
  A wyvern zombie (D:7)
  Dowan (D:7)
  A water moccasin skeleton (D:6)
  A centaur zombie (D:7)
  5 jellies
  2 centaur skeletons (D:7)
  4 hounds
  A bullfrog skeleton (D:6)
  A gnoll shaman (D:7)
  An orc priest (D:8)
  4 iguanas
  Terence (D:3)
  7 orc wizards
  Natasha (thrice) (D:2)
  A killer bee zombie (D:7)
  A hound skeleton (D:5)
  9 mummies
  A howler monkey skeleton (D:7)
  6 gnolls
  9 adders
  3 shadow imps (D:6)
  A white imp (D:6)
  An ufetubus (D:5)
  An adder skeleton (D:4)
  5 worms
  3 dart slugs
  10 orcs
  7 endoplasms
  2 giant cockroaches (D:2)
  A gnoll zombie (Ossuary)
  8 goblins
  2 hobgoblins
  3 jackals (D:1)
  3 kobolds
  3 quokkas
  2 ball pythons (D:1)
  7 bats (D:1)
  2 frilled lizards
  4 hobgoblin zombies (Ossuary)
  2 kobold zombies (Ossuary)
  An orc zombie (Ossuary)
  4 rats
160 creatures vanquished.

Vanquished Creatures (others)
  2 fungi (D:6)
  2 plants (D:6)
4 creatures vanquished.

Grand Total: 164 creatures vanquished

Notes
Turn   | Place    | Note
-------+----------+-------------------------------------------
     0 | D:5      | Descartes the Felid Delver began the quest for the Orb.
     0 | D:5      | Reached XP level 1. HP: 10/10 MP: 2/2
    47 | D:5      | Noticed an ogre
   262 | D:5      | Reached XP level 2. HP: 7/14 MP: 3/3
   483 | D:5      | Found an ancient bone altar of Kikubaaqudgha.
   521 | D:5      | Reached XP level 3. HP: 17/17 MP: 4/4
   936 | D:4      | Found Moyroym's Weapon Boutique.
  1588 | D:1      | Found a faded altar of an unknown god.
  1678 | D:1      | Reached XP level 4. HP: 21/21 MP: 5/5
  3006 | D:2      | Noticed Natasha
  3013 | D:2      | Killed Natasha
  3344 | D:2      | Noticed Natasha
  3350 | D:2      | Killed from afar by Natasha
  3351 | D:2      | Reached XP level 3. HP: 0/17 MP: 4/4
  3393 | D:2      | Killed Natasha
  3394 | D:2      | Reached XP level 4. HP: 1/21 MP: 5/5
  3534 | D:2      | Noticed Natasha
  4287 | D:3      | Noticed Terence
  4293 | D:3      | Killed Terence
  4294 | D:3      | Reached XP level 5. HP: 24/24 MP: 6/6
  4795 | D:2      | Killed Natasha
  5295 | D:4      | Gained mutation: You are covered in thick fur. (AC +2)
                  | [Felid growth]
  5295 | D:4      | Reached XP level 6. HP: 18/28 MP: 7/7
  5967 | D:5      | Found a shimmering blue altar of Sif Muna.
  5968 | D:5      | Found a sparkling altar of Nemelex Xobeh.
  6007 | D:5      | Noticed a water moccasin
  6011 | D:5      | Killed a water moccasin
  6012 | D:5      | Reached skill level 5 in Dodging
  6012 | D:5      | Reached skill level 10 in Stealth
  6048 | D:5      | Noticed an ice beast
  6055 | D:5      | Killed an ice beast
  6098 | D:5      | Reached XP level 7. HP: 29/31 MP: 8/8
  6338 | D:5      | Found a staircase to the Ecumenical Temple.
  6348 | D:5      | Noticed an unseen horror
  6358 | D:5      | Killed an unseen horror
  6359 | D:5      | Reached skill level 5 in Unarmed Combat
  6454 | D:5      | Found a snail-covered altar of Cheibriados.
  6456 | D:5      | Found a stormy altar of Qazlal.
  6669 | D:5      | Reached XP level 8. HP: 34/34 MP: 9/9
  6787 | D:6      | Found a runed translucent gate.
  6788 | D:6      | Found a runed translucent gate.
  6788 | D:6      | Found a runed translucent gate.
  6788 | D:6      | Noticed aloneDruid's ghost (amateur DgAr)
  6831 | D:6      | Noticed Sigmund
  6861 | D:6      | Found a sand-covered staircase.
  6875 | Ossuary  | Entered an ossuary
  7499 | D:6      | Killed Sigmund
  7565 | D:6      | Noticed a kobold demonologist
  8244 | D:7      | Reached skill level 10 in Dodging
  8383 | D:7      | Learned a level 3 spell: Teleport Other
  8408 | D:7      | Reached skill level 1 in Evocations
  8408 | D:7      | Reached XP level 9. HP: 37/37 MP: 10/10
  8748 | D:7      | Found Jibb's Island Escapes.
  8897 | D:7      | Found a basalt altar of Yredelemnul.
  9061 | D:7      | Noticed Duvessa
  9061 | D:7      | Noticed Dowan
  9097 | D:7      | Killed Duvessa
  9178 | D:7      | Killed Dowan
  9677 | D:7      | Reached skill level 5 in Evocations
  9992 | D:8      | Gained mutation: Your magical capacity is low. (-10% MP)
                  | [potion of mutation]
  9992 | D:8      | Lost mutation: Your magical capacity is low. (-10% MP)
                  | [potion of mutation]
  9992 | D:8      | Gained mutation: You have a somewhat thin skeletal
                  | structure. (Dex +2, Stealth+) [potion of mutation]
 10121 | D:8      | Found an iron altar of Okawaru.
 10122 | D:8      | Noticed Grum
 10140 | D:8      | Reached skill level 1 in Translocations
 10149 | D:8      | Reached skill level 10 in Unarmed Combat
 10152 | D:8      | Slain by Grum
 10153 | D:8      | Reached XP level 8. HP: 0/34 MP: 9/9
 10231 | D:8      | Mangled by Grum

Illustrated notes

Levels and vault maps discovered:
D:1:      eino_arrival_water_star, layout_basic,
          shapermc_ecumenical_altar_totnotflames
D:2:      layout_loops_corners, uniq_natasha
D:3:      layout_loops_cross, uniq_terence
D:4:      layout_basic, serial_shops, shop_fountains
D:5:      layout_layer_cave, nicolae_kikubaaqudgha_miasma_corner,
          nicolae_overflow_hidden_temple, minmay_temple_entry_enclosed_plants
D:6:      layout_basic, gammafunk_ghost_nasty_kobolds,
          gup_ossuary_entry_pyramid, uniq_sigmund
D:7:      minmay_octagon_keep, layout_rooms,
          mainiacjoe_overflow_surrounded_room, nicolae_island_escapes,
          uniq_duvessa
D:8:      cheibrodos_barr_body, layout_basic, okawaru_metal_pillars_1_2,
          chequers_temple_overflow_statue_of_worship, uniq_grum

Skill      XL: |  1  2  3  4  5  6  7  8  9 |
---------------+----------------------------+-----
Stealth        | 7 8 9 10 | 10.0
Dodging        | 4 5 7 10 | 10.0
Unarmed Combat | 3 4 5 8 10 | 10.0
Evocations     | 1 5 |  5.0
Translocations | 3 2 |  3.5
Fighting       | |  3.0

Action                   |  1- 3 |  4- 6 |  7- 9 || total
-------------------------+-------+-------+-------++-------
Melee: Unarmed           |    72 |   165 |   355 ||   592
       Bite              |     8 |    15 |    44 ||    67
       Punch             |     1 |     2 |    16 ||    19
  Use: Potion            |       |       |     4 ||     4
       Scroll            |       |       |     7 ||     7
 Stab: Sleeping          |     3 |    30 |    24 ||    57
       Distracted        |       |     1 |     2 ||     3
       Invisible         |       |       |     1 ||     1
Armor: Skin              |     4 |    11 |    32 ||    47
Dodge: Dodged            |    54 |   101 |   255 ||   410
